 Dungeon Crawl Stone Soup version 0.30-b1-2-g02819fbbbe (webtiles) character file.

Game seed: 8294063320306801741

63 Fartwhistle the Changer (level 4, -4/28 HPs)
             Began as an Octopode Transmuter on May 25, 2023.
             Slain by an orc
             ... wielding a +1 whip of electrocution
              (5 damage)
             ... on level 2 of the Dungeon.
             The game lasted 00:03:40 (1761 turns).

Fartwhistle the Changer (Octopode Transmuter)       Turns: 1761, Time: 00:03:41

Health: -4/28      AC:  1    Str:  9    XL:     4   Next: 9%
Magic:  17/17      EV: 13    Int: 17    God:
Gold:   69         SH:  0    Dex: 12    Spells: 4/8 levels left

rFire   . .          .
                       - Unarmed
rCold   . . .        (no shield)
rNeg    . . .        (helmet restricted)
rPois   .            (no amulet)
rElec   .            c - ring of magical power
rCorr   .            j - ring of flight
SInv    .            (no ring)
Will    .....        (no ring)
Stlth   ++           (no ring)
HPRegen 0.24/turn    (no ring)
MPRegen 0.15/turn    (no ring)
                     (no ring)

%: no passive effects
@: flying
A: almost no armour, amphibious, 8 rings, camouflage 1, gelatinous body 1,
(nimble swimmer 1), tentacles
a: no special abilities


You were on level 2 of the Dungeon.
You visited 1 branch of the dungeon, and saw 3 of its levels.

You collected 69 gold pieces.

Inventory:

Missiles
 g - 4 boomerangs of dispersal
Jewellery
 c - a ring of magical power (left tentacle)
 j - a ring of flight (right tentacle)
Scrolls
 d - a scroll of silence {unknown}
 h - a scroll of identify {unknown}
 i - a scroll of teleportation {unknown}
 k - a scroll of poison {unknown}
Potions
 a - a potion of lignification
 b - 2 potions of brilliance {unknown}
 e - a potion of curing {unknown}
 f - a potion of attraction {unknown}


   Skills:
 - Level 1.0 Fighting
 - Level 2.0 Dodging
 - Level 3.0 Unarmed Combat
 + Level 2.7 Spellcasting
 * Level 3.5 Transmutations
 + Level 1.0 Poison Magic


You had 4 spell levels left.
You knew the following spells:

 Your Spells              Type           Power      Damage    Failure   Level
a - Beastly Appendage     Tmut           28%        N/A       4%          1
b - Spider Form           Tmut/Pois      10%        N/A       22%         3

Your spell library contained the following spells:

 Spells                   Type           Power      Damage    Failure   Level
 Wereblood                Tmut           14%        N/A       6%          2
 Magic Dart               Conj           8%         1d3       19%         1
 Ignite Poison            Fire/Tmut/Pois 7%         N/A       28%         3
 Ice Form                 Ice/Tmut       8%         N/A       65%         4
 Sticky Flame             Conj/Fire      2%         2d3       87%         4
 Ignition                 Fire           1%         3d3       100%        8


Dungeon Overview and Level Annotations

Branches:
Dungeon (3/15)

Altars:


Innate Abilities, Weirdness & Mutations

You cannot wear most types of armour.
You are amphibious.
You can wear up to eight rings at the same time.
Your skin changes colour to match your surroundings (Stealth+).
Your rubbery body absorbs attacks. (AC +1, EV +1)
((You are camouflaged when in or above water. (Stealth+)))
You have tentacles for arms and can constrict up to eight enemies at once.


Message History

No target in view!
Found a stone staircase leading up.
There is a stone staircase leading up here.
You see here a frilled lizard corpse.
You see here a hobgoblin corpse.
You see here a giant cockroach corpse.
You see here a rat skeleton.
Done exploring.
Done exploring.
Done exploring.
Search for what [Enter for "b", or ? for help]? .
(D) Dungeon
Where to? (Enter - D:2 @ (x,y), ? - help)
There is a stone staircase leading down here.
You fly downwards.
Found 3 gold pieces, a murky cyan potion and a scroll labelled JEIGIMYLIUT.
Found a stone staircase leading up.
There is a stone staircase leading up here.
There are monsters nearby!
The helpless orc fails to defend itself.
You tentacle-slap the orc but do no damage.
Your grab misses the orc. Your squeeze misses the orc.
The orc hits you with a +1 whip of electrocution!
Unknown command.
The orc shouts! x2
The orc closely misses you.
You fly upwards.
There is a stone staircase leading down here.
You tentacle-slap the orc. You grab the orc.
The orc is moderately wounded.
You constrict the orc, but do no damage.
The orc hits you with a +1 whip of electrocution.
You are electrocuted!!
Ouch! That really hurt!
* * * LOW HITPOINT WARNING * * *
Okay, then.
You release your grip on the orc.
The orc misses you. The orc attacks as you move away!
The orc hits you with a +1 whip of electrocution.
You die...

###################
................@>#
##############.##o#
#.....#.##.#
########.....#.##.#
#............#.##.#
#.........####.##.#
#.................#
#.................#
#.................######


You could see an orc.

Vanquished Creatures
  3 worms (D:2)
  2 dart slugs (D:2)
  2 ball pythons (D:2)
  An endoplasm (D:1)
  4 giant cockroaches
  5 goblins (D:1)
  5 hobgoblins
  4 jackals (D:1)
  5 kobolds (D:1)
  2 quokkas
  4 bats
  5 frilled lizards
  4 rats
46 creatures vanquished.

Vanquished Creatures (others)
  A fungus (D:1)
  A plant (D:1)
2 creatures vanquished.

Grand Total: 48 creatures vanquished

Notes
Turn   | Place    | Note
-------+----------+-------------------------------------------
     0 | D:1      | Fartwhistle the Octopode Transmuter began the quest for the
                  | Orb.
     0 | D:1      | Reached XP level 1. HP: 13/13 MP: 3/3
    16 | D:1      | Found a faded altar of an unknown god.
    33 | D:1      | Got Plato's Lectures on Bombardment
   151 | D:1      | Reached XP level 2. HP: 13/18 MP: 3/5
   765 | D:1      | Reached XP level 3. HP: 20/23 MP: 4/6
   876 | D:1      | Learned a level 3 spell: Spider Form
  1343 | D:2      | Reached XP level 4. HP: 28/28 MP: 4/8
  1578 | D:2      | Reached skill level 1 in Poison Magic
  1759 | D:2      | HP: 1/28 [orc/+1 whip of electrocution (20)]
  1761 | D:2      | Slain by an orc

Illustrated notes

Levels and vault maps discovered:
D:1:      heliophobic_arrival_ceremonial_halls, layout_loops_ring,
          shapermc_ecumenical_altar_rom_forum, kennysheep_crisscross
D:2:      layout_basic
D:3:      layout_loops_cross, mainiacjoe_overflow_small_starburst,
          lemuel_crystal_altar, grunt_decor_clamped, wad_rectangle_vault,
          uniq_terence

Skill      XL: |  1  2  3  4 |
---------------+-------------+-----
Transmutations | 3 |  3.5
Poison Magic   | 1 |  1.0
Fighting       | |  1.0
Dodging        | |  2.0
Unarmed Combat | |  3.0
Spellcasting   | |  2.7

Action                     |  1- 3 |  4- 6 || total
---------------------------+-------+-------++-------
  Melee: Unarmed           |    98 |    13 ||   111
         Constrict         |    26 |     4 ||    30
         Kick              |    14 |       ||    14
         Tentacles         |    13 |     2 ||    15
         Punch             |       |     1 ||     1
   Cast: Beastly Appendage |    10 |       ||    10
         Spider Form       |     1 |       ||     1
   Stab: Sleeping          |     4 |     2 ||     6
 Armour: Skin              |     9 |       ||     9
  Dodge: Dodged            |    67 |     8 ||    75
